[Event "GER-chW Blitz 2019"]
[Site "Magdeburg"]
[Date "2019.05.25"]
[Round "21.1"]
[White "Ries, Jutta"]
[Black "Roesler, Hannah Clara Hed"]
[Result "1-0"]
[ECO "A03"]
[WhiteElo "2017"]
[BlackElo "1619"]
[Annotator "NA"]
[PlyCount "51"]
[EventDate "2019.05.25"]
[EventType "tourn"]
[EventCountry "GER"]
[SourceTitle "playchess.com"]
[Source "ChessBase"]
[SourceQuality "1"]
[TimeControl "180+2"]

1. f4 d5 2. Nf3 c5 3. b3 Nf6 4. Bb2 g6 5. e3 Bg7 6. Bb5+ Bd7 7. Qe2 O-O 8. a4 a6 9. Bxd7 Qxd7 10. O-O Nc6 11. d3 Rfd8 12. Nbd2 b5 13. Ne5 Nxe5 14. fxe5 Ng4 15. d4 c4 16. h3 Nh6 17. Nf3 Rac8 18. axb5 axb5 19. Ng5 c3 20. Ba3 Rb8 21. Bb4 Rdc8 22. Ra5 Qc7 23. Rxb5 Rxb5 24. Qxb5 e6 25. Bd6 Qd8 26. Qb7 1-0

[Event "GER-chW Blitz 2019"]
[Site "Magdeburg"]
[Date "2019.05.25"]
[Round "21.2"]
[White "Kushka, Alena"]
[Black "Lubbe, Melanie"]
[Result "0-1"]
[ECO "E77"]
[WhiteElo "2148"]
[BlackElo "2278"]
[Annotator "NA"]
[PlyCount "62"]
[EventDate "2019.05.25"]
[EventType "tourn"]
[EventCountry "GER"]
[SourceTitle "playchess.com"]
[Source "ChessBase"]
[SourceQuality "1"]
[TimeControl "180+2"]

1. d4 Nf6 2. c4 g6 3. Nc3 Bg7 4. e4 d6 5. f4 O-O 6. Nf3 c5 7. d5 Bg4 8. Bd3 e6 9. dxe6 fxe6 10. O-O Nc6 11. Qe1 Bxf3 12. Rxf3 Nd4 13. Rh3 Nh5 14. f5 exf5 15. exf5 Nxf5 16. g4 Nd4 17. gxh5 Nf3+ 18. Rxf3 Rxf3 19. Qe4 Bd4+ 20. Kh1 Qf8 21. Bh6 Qf6 22. hxg6 hxg6 23. Bg5 Qf7 24. Nd5 Re8 25. Ne7+ Kg7 26. Re1 Rf2 27. Qg4 Qf3+ 28. Qxf3 Rxf3 29. Bb1 Ref8 30. b3 Rf1+ 31. Rxf1 Rxf1+ {[%emt 0:00:01] Kg1} 0-1

[Event "GER-chW Blitz 2019"]
[Site "Magdeburg"]
[Date "2019.05.25"]
[Round "21.3"]
[White "Schulze, Lara"]
[Black "Fuchs, Judith"]
[Result "0-1"]
[ECO "B12"]
[WhiteElo "2160"]
[BlackElo "2218"]
[Annotator "NA"]
[PlyCount "46"]
[EventDate "2019.05.25"]
[EventType "tourn"]
[EventCountry "GER"]
[SourceTitle "playchess.com"]
[Source "ChessBase"]
[SourceQuality "1"]
[TimeControl "180+2"]

1. e4 c6 2. d4 d5 3. e5 c5 4. dxc5 e6 5. a3 Bxc5 6. b4 Be7 7. Qg4 g6 8. Bd3 a5 9. b5 Nd7 10. Nf3 Qc7 11. Qg3 b6 12. O-O Bb7 13. Nbd2 Nc5 14. Nb3 Nxb3 15. cxb3 Qc3 16. Nd2 Qxa1 17. Qe3 Bc5 18. Qe2 Qd4 19. Kh1 Qh4 20. f4 Nh6 21. g3 Qh5 22. Nf3 Nf5 23. Bd2 Nxg3+ 0-1

[Event "GER-chW Blitz 2019"]
[Site "Magdeburg"]
[Date "2019.05.25"]
[Round "21.4"]
[White "Braje, Monika"]
[Black "Kotyk, Valeriya"]
[Result "1/2-1/2"]
[ECO "C02"]
[WhiteElo "1781"]
[BlackElo "1739"]
[Annotator "NA"]
[PlyCount "60"]
[EventDate "2019.05.25"]
[EventType "tourn"]
[EventCountry "GER"]
[SourceTitle "playchess.com"]
[Source "ChessBase"]
[SourceQuality "1"]
[TimeControl "180+2"]

1. e4 e6 2. d4 d5 3. e5 c5 4. c3 Nc6 5. Nf3 Qb6 6. Bd3 Bd7 7. dxc5 Bxc5 8. O-O a5 9. Qe2 Nge7 10. Kh1 O-O 11. Bg5 Ng6 12. Na3 Qc7 13. Rfe1 Bxa3 14. bxa3 Nce7 15. Rac1 Rac8 16. c4 dxc4 17. Rxc4 Qb8 18. Rd4 Bc6 19. Bxe7 Nxe7 20. Ng5 h6 21. Rh4 Nf5 22. Bxf5 exf5 23. Rh3 Qc7 24. e6 hxg5 25. Qh5 fxe6 26. Rxe6 Rce8 27. Qh7+ Kf7 28. Qxf5+ Kg8 29. Qh7+ Kf7 30. Qg6+ Kg8 1/2-1/2

[Event "GER-chW Blitz 2019"]
[Site "Magdeburg"]
[Date "2019.05.25"]
[Round "21.5"]
[White "Mader, Lena"]
[Black "Silz, Elisa"]
[Result "0-1"]
[ECO "A16"]
[WhiteElo "1839"]
[BlackElo "1977"]
[Annotator "NA"]
[PlyCount "73"]
[EventDate "2019.05.25"]
[EventType "tourn"]
[EventCountry "GER"]
[SourceTitle "playchess.com"]
[Source "ChessBase"]
[SourceQuality "1"]
[TimeControl "180+2"]

1. c4 Nf6 2. Nc3 g6 3. g3 Bg7 4. Bg2 O-O 5. Nf3 d6 6. O-O e5 7. d3 c6 8. Rb1 Nbd7 9. b4 Ne8 10. e3 f5 11. b5 Qc7 12. Qc2 Nef6 13. a4 Re8 14. Nd2 f4 15. exf4 exf4 16. Nf3 fxg3 17. hxg3 Ng4 18. Ne4 Nde5 19. Nxe5 Nxe5 20. Bf4 Bf5 21. Qb3 Kh8 22. d4 Bxe4 23. Bxe4 Nxc4 24. Bxc6 Na5 25. Qb4 bxc6 26. Bxd6 Qb6 27. Bc5 Qd8 28. Rbd1 cxb5 29. axb5 Nb7 30. Ra1 Qf6 31. Rxa7 Rxa7 32. Bxa7 Nd6 33. Bc5 Ne4 34. d5 Qf3 35. Bd6 h5 36. Qa4 Nxd6 37. b6 0-1

[Event "GER-chW Blitz 2019"]
[Site "Magdeburg"]
[Date "2019.05.25"]
[Round "21.6"]
[White "Zimmer, Elke"]
[Black "Rath, Alina"]
[Result "0-1"]
[ECO "B26"]
[WhiteElo "1926"]
[BlackElo "2042"]
[Annotator "NA"]
[PlyCount "49"]
[EventDate "2019.05.25"]
[EventType "tourn"]
[EventCountry "GER"]
[SourceTitle "playchess.com"]
[Source "ChessBase"]
[SourceQuality "1"]
[TimeControl "180+2"]

1. e4 c5 2. Nc3 Nc6 3. g3 g6 4. Bg2 Bg7 5. d3 d6 6. Be3 e5 7. Nge2 Nge7 8. O-O O-O 9. Qd2 f5 10. Bh6 Be6 11. Bxg7 Kxg7 12. exf5 Bxf5 13. Nd5 Qd7 14. Nec3 Bh3 15. Qg5 Bxg2 16. Kxg2 Rf5 17. Qh4 Nxd5 18. Nxd5 Nd4 19. f3 Nxc2 20. Rac1 Nd4 21. g4 Rf7 22. Rf2 Raf8 23. Rcf1 Ne6 24. g5 Nf4+ 25. Nxf4 0-1

[Event "GER-chW Blitz 2019"]
[Site "Magdeburg"]
[Date "2019.05.25"]
[Round "21.7"]
[White "Kopylov, Luba"]
[Black "Birkholz, Olga"]
[Result "1-0"]
[ECO "E80"]
[WhiteElo "2078"]
[BlackElo "2031"]
[Annotator "NA"]
[PlyCount "51"]
[EventDate "2019.05.25"]
[EventType "tourn"]
[EventCountry "GER"]
[SourceTitle "playchess.com"]
[Source "ChessBase"]
[SourceQuality "1"]
[TimeControl "180+2"]

1. d4 Nf6 2. c4 g6 3. Nc3 Bg7 4. e4 d6 5. f3 Nbd7 6. Be3 c5 7. Nge2 O-O 8. Qd2 cxd4 9. Nxd4 Ne5 10. Be2 Be6 11. Nxe6 fxe6 12. O-O-O Rc8 13. b3 Qa5 14. Kb1 Nfd7 15. Bd4 a6 16. f4 Nc6 17. Bxg7 Kxg7 18. h4 b5 19. cxb5 axb5 20. h5 b4 21. Na4 Nf6 22. Bf3 e5 23. f5 Nd4 24. hxg6 hxg6 25. Qh6+ Kg8 26. Qxg6# 1-0

[Event "GER-chW Blitz 2019"]
[Site "Magdeburg"]
[Date "2019.05.25"]
[Round "21.8"]
[White "Gheng, Simona"]
[Black "Hofmann, Karina"]
[Result "1/2-1/2"]
[ECO "B00"]
[WhiteElo "1991"]
[BlackElo "1700"]
[Annotator "NA"]
[PlyCount "134"]
[EventDate "2019.05.25"]
[EventType "tourn"]
[EventCountry "GER"]
[SourceTitle "playchess.com"]
[Source "ChessBase"]
[SourceQuality "1"]
[TimeControl "180+2"]

1. e4 b6 2. d4 Bb7 3. Nd2 g6 4. Ngf3 Bg7 5. Bc4 e6 6. O-O Nf6 7. e5 Nd5 8. Ne4 O-O 9. Bg5 Qc8 10. Bxd5 Bxd5 11. Nf6+ Kh8 12. Qd3 d6 13. c4 Bxf3 14. Qxf3 Nd7 15. Qh3 Bxf6 16. Bxf6+ Nxf6 17. exf6 h5 18. Qh4 e5 19. Qg5 Kh7 20. dxe5 dxe5 21. Qxe5 Re8 22. Qc3 c5 23. Rfe1 Qf5 24. h3 Re6 25. Rxe6 fxe6 26. Rd1 Rf8 27. Rd7+ Kh6 28. h4 Rxf6 29. Qe3+ Qf4 30. Rxa7 e5 31. Qxf4+ Rxf4 32. b3 Rxh4 33. Rb7 Rd4 34. a4 Rd6 35. Re7 Rd3 36. Rxe5 Rxb3 37. Re6 Rb4 38. Kf1 Rxc4 39. Rxb6 Rxa4 40. Rc6 Rc4 41. Ke2 Rc2+ 42. Ke3 h4 43. g3 hxg3 44. fxg3 Kg5 45. Kd3 Rc1 46. Kd2 Rc4 47. Kd3 Rg4 48. Rxc5+ Kh6 49. Ke2 Rxg3 50. Kf2 Rd3 51. Kg2 g5 52. Rc8 Kh5 53. Rc4 g4 54. Rc8 Kh4 55. Rh8+ Kg5 56. Rg8+ Kf4 57. Rf8+ Kg5 58. Rg8+ Kh5 59. Rh8+ Kg6 60. Rg8+ Kf5 61. Rf8+ Ke4 62. Rg8 Rd2+ 63. Kg3 Rd3+ 64. Kxg4 Rd4 65. Re8+ Kd3+ 66. Kf3 Kc4 67. Ke3 Rd5 1/2-1/2

[Event "GER-chW Blitz 2019"]
[Site "Magdeburg"]
[Date "2019.05.25"]
[Round "21.9"]
[White "Kunze, Kerstin"]
[Black "Siegl, Melina"]
[Result "0-1"]
[ECO "B40"]
[WhiteElo "2066"]
[BlackElo "2029"]
[Annotator "NA"]
[PlyCount "98"]
[EventDate "2019.05.25"]
[EventType "tourn"]
[EventCountry "GER"]
[SourceTitle "playchess.com"]
[Source "ChessBase"]
[SourceQuality "1"]
[TimeControl "180+2"]

1. e4 c5 2. Nf3 e6 3. d4 cxd4 4. Nxd4 Nf6 5. Nd2 d6 6. Be2 a6 7. O-O Nbd7 8. c3 Qc7 9. Kh1 b5 10. f4 Bb7 11. Bf3 Be7 12. f5 e5 13. Ne2 Nc5 14. Ng3 Nd3 15. Nb3 Nxc1 16. Rxc1 Rd8 17. Qe2 O-O 18. c4 b4 19. Rc2 a5 20. Rfc1 Nd7 21. Nh5 Bg5 22. Rd1 a4 23. Nc1 Nc5 24. b3 g6 25. Ng3 Qe7 26. Rb2 a3 27. Rc2 Bf4 28. Nd3 Bxg3 29. hxg3 Qg5 30. Bg4 h5 31. Bh3 Qxg3 32. Nxc5 dxc5 33. Rcd2 Rd4 34. Rxd4 exd4 35. Rd3 Qf4 36. e5 Re8 37. e6 fxe6 38. fxe6 Kg7 39. Rd1 Be4 40. Rf1 Qe5 41. Rf7+ Kh6 42. Qd2+ g5 43. Qf2 g4 44. Rf6+ Kg7 45. Rf7+ Kg8 46. Rd7 Qxe6 47. Rc7 gxh3 48. Kh2 Qe5+ 49. Kh1 Qxc7 0-1

[Event "GER-chW Blitz 2019"]
[Site "Magdeburg"]
[Date "2019.05.25"]
[Round "21.10"]
[White "Kreismann, Franziska"]
[Black "Muetsch, Annmarie"]
[Result "0-1"]
[ECO "E61"]
[WhiteElo "1589"]
[BlackElo "2266"]
[Annotator "NA"]
[PlyCount "54"]
[EventDate "2019.05.25"]
[EventType "tourn"]
[EventCountry "GER"]
[SourceTitle "playchess.com"]
[Source "ChessBase"]
[SourceQuality "1"]
[TimeControl "180+2"]

1. d4 Nf6 2. c4 g6 3. Nc3 Bg7 4. Nf3 O-O 5. e3 d6 6. Bd3 Nbd7 7. O-O c5 8. d5 a6 9. b3 Ne8 10. Bb2 Nc7 11. Qc2 Rb8 12. Rab1 b5 13. Ne4 h6 14. Bxg7 Kxg7 15. Ng3 Nf6 16. Rfe1 e6 17. Re2 exd5 18. cxd5 Ncxd5 19. Rbe1 Nb4 20. Qb1 Nxd3 21. Qxd3 d5 22. Ne5 Qd6 23. f4 Bb7 24. h4 Rbd8 25. h5 Ne4 26. Nxe4 dxe4 27. Qxd6 Rxd6 0-1

[Event "GER-chW Blitz 2019"]
[Site "Magdeburg"]
[Date "2019.05.25"]
[Round "21.11"]
[White "Daemering, Katrin"]
[Black "Michna, Marta"]
[Result "0-1"]
[ECO "A05"]
[WhiteElo "2003"]
[BlackElo "2355"]
[Annotator "NA"]
[PlyCount "60"]
[EventDate "2019.05.25"]
[EventType "tourn"]
[EventCountry "GER"]
[SourceTitle "playchess.com"]
[Source "ChessBase"]
[SourceQuality "1"]
[TimeControl "180+2"]

1. Nf3 Nf6 2. g3 g6 3. Bg2 Bg7 4. d3 d6 5. c4 O-O 6. Nc3 e5 7. O-O c6 8. Rb1 h6 9. Bd2 Be6 10. b4 Nbd7 11. h3 d5 12. c5 d4 13. Ne4 Nxe4 14. dxe4 Bxa2 15. Rb2 Be6 16. Qc1 Kh7 17. e3 f5 18. exf5 Bxf5 19. exd4 exd4 20. Bf4 Re8 21. Rd2 Nf8 22. Bd6 Ne6 23. Re1 Ng5 24. Rxe8 Qxe8 25. Nxd4 Bxh3 26. Re2 Qg8 27. Re7 Re8 28. Qe3 Rxe7 29. Qxe7 Bxg2 30. Kxg2 Qd5+ 0-1

[Event "GER-chW Blitz 2019"]
[Site "Magdeburg"]
[Date "2019.05.25"]
[Round "21.12"]
[White "Sieber, Fiona"]
[Black "Osmanodja, Filiz"]
[Result "0-1"]
[ECO "B90"]
[WhiteElo "2250"]
[BlackElo "2260"]
[Annotator "NA"]
[PlyCount "66"]
[EventDate "2019.05.25"]
[EventType "tourn"]
[EventCountry "GER"]
[SourceTitle "playchess.com"]
[Source "ChessBase"]
[SourceQuality "1"]
[TimeControl "180+2"]

1. e4 c5 2. Nf3 d6 3. d4 cxd4 4. Nxd4 Nf6 5. Nc3 a6 6. Be3 e5 7. Nb3 Be7 8. f3 O-O 9. Qd2 Nc6 10. O-O-O a5 11. a4 Nb4 12. g4 Be6 13. g5 Nh5 14. Rg1 Rc8 15. Bb5 Qc7 16. Qf2 Bxb3 17. cxb3 Na2+ 18. Kd2 Nxc3 19. Rc1 d5 20. bxc3 d4 21. cxd4 Bb4+ 22. Kd3 Qd6 23. d5 Nf4+ 24. Bxf4 exf4 25. Qd4 Bc5 26. Rxc5 Rxc5 27. Bc4 Rfc8 28. e5 Qg6+ 29. Qe4 Qb6 30. d6 Rxc4 31. bxc4 Qxg1 32. d7 Qd1+ 33. Kc3 Qxd7 0-1

[Event "GER-chW Blitz 2019"]
[Site "Magdeburg"]
[Date "2019.05.25"]
[Round "22.1"]
[White "Roesler, Hannah Clara Hed"]
[Black "Osmanodja, Filiz"]
[Result "0-1"]
[ECO "B22"]
[WhiteElo "1619"]
[BlackElo "2260"]
[Annotator "NA"]
[PlyCount "127"]
[EventDate "2019.05.25"]
[EventType "tourn"]
[EventCountry "GER"]
[SourceTitle "playchess.com"]
[Source "ChessBase"]
[SourceQuality "1"]
[TimeControl "180+2"]

1. e4 c5 2. c3 Nf6 3. e5 Nd5 4. d4 cxd4 5. Nf3 e6 6. cxd4 d6 7. a3 Nc6 8. Bd3 Qc7 9. exd6 Bxd6 10. O-O Nf4 11. Bc2 O-O 12. Nc3 a6 13. Re1 Rd8 14. g3 Ng6 15. Qd3 Be7 16. Bb3 Bf6 17. d5 Nce5 18. Nxe5 Nxe5 19. Qe4 b5 20. dxe6 Bxe6 21. Bxe6 fxe6 22. Bf4 Qc6 23. Bxe5 Qxe4 24. Rxe4 Bxe5 25. Rxe5 Rd2 26. b4 Rc8 27. Ne4 Rd7 28. Nc5 Rd5 29. Rxd5 exd5 30. Rd1 Rd8 31. Rd4 Rd6 32. Nb7 Rd7 33. Na5 Kf7 34. Kg2 Ke6 35. Kf3 Ke5 36. Rd1 d4 37. Nc6+ Kf6 38. Rxd4 Rc7 39. Rd6+ Kf7 40. Ne5+ Ke7 41. Rxa6 Rc3+ 42. Ke4 Rc2 43. Nd3 Re2+ 44. Kf3 Rd2 45. Nf4 Rc2 46. Ra7+ Kf6 47. Nd5+ Kg6 48. Rb7 Rd2 49. Rxb5 Rd3+ 50. Ne3 Rxa3 51. Rb6+ Kf7 52. b5 Rb3 53. Rb7+ Ke6 54. b6 g5 55. Ke4 h5 56. Nc4 Rb4 57. Rc7 h4 58. b7 hxg3 59. hxg3 g4 60. Kf4 Kd5 61. Kxg4 Ke6 62. Rc6+ Kd5 63. Rd6+ Kc5 64. Rd7 0-1

[Event "GER-chW Blitz 2019"]
[Site "Magdeburg"]
[Date "2019.05.25"]
[Round "22.2"]
[White "Michna, Marta"]
[Black "Sieber, Fiona"]
[Result "1-0"]
[ECO "A45"]
[WhiteElo "2355"]
[BlackElo "2250"]
[Annotator "NA"]
[PlyCount "51"]
[EventDate "2019.05.25"]
[EventType "tourn"]
[EventCountry "GER"]
[SourceTitle "playchess.com"]
[Source "ChessBase"]
[SourceQuality "1"]
[TimeControl "180+2"]

1. d4 Nf6 2. c3 d5 3. Bf4 e6 4. e3 c5 5. Nd2 Be7 6. Bd3 Nc6 7. h3 O-O 8. Ngf3 b6 9. O-O Bb7 10. Re1 Bd6 11. Ne5 Qc7 12. Ndf3 Nd7 13. Nxd7 Qxd7 14. Bxh7+ Kxh7 15. Ng5+ Kg6 16. Qg4 f5 17. Qg3 Bxf4 18. exf4 Kf6 19. Rxe6+ Qxe6 20. Nxe6 Kxe6 21. Qxg7 Bc8 22. Qxf8 Bb7 23. Re1+ Kd7 24. Qf7+ Kc8 25. Re8+ Nd8 26. Qe7 1-0

[Event "GER-chW Blitz 2019"]
[Site "Magdeburg"]
[Date "2019.05.25"]
[Round "22.3"]
[White "Muetsch, Annmarie"]
[Black "Daemering, Katrin"]
[Result "1-0"]
[ECO "B51"]
[WhiteElo "2266"]
[BlackElo "2003"]
[Annotator "NA"]
[PlyCount "144"]
[EventDate "2019.05.25"]
[EventType "tourn"]
[EventCountry "GER"]
[SourceTitle "playchess.com"]
[Source "ChessBase"]
[SourceQuality "1"]
[TimeControl "180+2"]

1. e4 c5 2. Nf3 d6 3. Bb5+ Nd7 4. c3 Ngf6 5. Qe2 e6 6. O-O Be7 7. d4 cxd4 8. cxd4 O-O 9. Nc3 a6 10. Ba4 b5 11. Bc2 Bb7 12. a3 Rc8 13. h3 Nb6 14. Bf4 Nc4 15. Bd3 Re8 16. Rac1 h6 17. Rfd1 Qb6 18. Bh2 Bf8 19. e5 Bxf3 20. Qxf3 dxe5 21. dxe5 Nd7 22. Bxc4 Nxe5 23. Bxe5 Rxc4 24. Ne2 Rec8 25. Rxc4 bxc4 26. Bc3 Qb3 27. Re1 Rd8 28. Ng3 Qb6 29. Qg4 Qc6 30. Qe4 Qc7 31. Be5 Qc5 32. Bc3 Qc7 33. Qe5 Qc6 34. Qe2 Rd3 35. Rd1 Qd7 36. Rxd3 cxd3 37. Qd2 Bc5 38. Nf1 Qd6 39. Ne3 Bb6 40. Nc4 Qc6 41. Nxb6 Qxb6 42. Qxd3 f6 43. Qd4 Qc6 44. Qd8+ Kh7 45. Qd3+ Kg8 46. Qg6 e5 47. f3 Qc5+ 48. Kh2 Qe3 49. Qg4 Qb6 50. Qc4+ Kh8 51. f4 exf4 52. Qxf4 Kh7 53. Qe4+ Kh8 54. b4 Qc7+ 55. Kh1 Qxc3 56. Qa8+ Kh7 57. Qxa6 Qe1+ 58. Kh2 Qe5+ 59. g3 Qb2+ 60. Kg1 Qc1+ 61. Kf2 Qd2+ 62. Kf3 Qd1+ 63. Ke3 Qg1+ 64. Kd2 Qxg3 65. Qd3+ Qxd3+ 66. Kxd3 f5 67. b5 g5 68. Ke3 f4+ 69. Kf3 Kg7 70. b6 Kf7 71. b7 Ke6 72. b8=Q Kd5 {Ke4+ Ke5+} 1-0

[Event "GER-chW Blitz 2019"]
[Site "Magdeburg"]
[Date "2019.05.25"]
[Round "22.4"]
[White "Siegl, Melina"]
[Black "Kreismann, Franziska"]
[Result "1-0"]
[ECO "B18"]
[WhiteElo "2029"]
[BlackElo "1589"]
[Annotator "NA"]
[PlyCount "58"]
[EventDate "2019.05.25"]
[EventType "tourn"]
[EventCountry "GER"]
[SourceTitle "playchess.com"]
[Source "ChessBase"]
[SourceQuality "1"]
[TimeControl "180+2"]

1. e4 c6 2. d4 d5 3. Nc3 dxe4 4. Nxe4 Bf5 5. Ng3 Bg6 6. Nf3 Nf6 7. c3 e6 8. Be2 Bd6 9. O-O Bxg3 10. fxg3 O-O 11. Ne5 Nd5 12. Nxg6 fxg6 13. Bg4 Rxf1+ 14. Qxf1 Qe7 15. Qe2 Kf7 16. Bd2 Nf6 17. Rf1 Nbd7 18. Bh3 Re8 19. g4 Kg8 20. g5 Nd5 21. Re1 e5 22. Bxd7 Qxd7 23. dxe5 Qe6 24. c4 Ne7 25. Bb4 Nf5 26. b3 Nd4 27. Qf2 Nf5 28. Qxa7 Qe7 29. Bxe7 Rxe7 1-0

[Event "GER-chW Blitz 2019"]
[Site "Magdeburg"]
[Date "2019.05.25"]
[Round "22.5"]
[White "Hofmann, Karina"]
[Black "Kunze, Kerstin"]
[Result "0-1"]
[ECO "A03"]
[WhiteElo "1700"]
[BlackElo "2066"]
[Annotator "NA"]
[PlyCount "48"]
[EventDate "2019.05.25"]
[EventType "tourn"]
[EventCountry "GER"]
[SourceTitle "playchess.com"]
[Source "ChessBase"]
[SourceQuality "1"]
[TimeControl "180+2"]

1. f4 d5 2. Nf3 Nf6 3. e3 e6 4. b3 c5 5. Bb5+ Bd7 6. Bxd7+ Nbxd7 7. Bb2 Bd6 8. d3 O-O 9. Nbd2 Qc7 10. Qe2 e5 11. fxe5 Nxe5 12. O-O-O b5 13. Nxe5 Bxe5 14. g4 Bxb2+ 15. Kxb2 c4 16. dxc4 bxc4 17. Nb1 Rfd8 18. Rd4 a5 19. Nc3 Rac8 20. g5 cxb3 21. gxf6 Qxc3+ 22. Kb1 bxc2+ 23. Kc1 Qa1+ 24. Kd2 Qxh1 0-1

[Event "GER-chW Blitz 2019"]
[Site "Magdeburg"]
[Date "2019.05.25"]
[Round "22.6"]
[White "Birkholz, Olga"]
[Black "Gheng, Simona"]
[Result "1-0"]
[ECO "B20"]
[WhiteElo "2031"]
[BlackElo "1991"]
[Annotator "NA"]
[PlyCount "79"]
[EventDate "2019.05.25"]
[EventType "tourn"]
[EventCountry "GER"]
[SourceTitle "playchess.com"]
[Source "ChessBase"]
[SourceQuality "1"]
[TimeControl "180+2"]

1. e4 c5 2. b3 d6 3. Bb2 Nf6 4. Qe2 g6 5. f4 Bg7 6. Nf3 Nc6 7. Nc3 O-O 8. g3 Nd4 9. Nxd4 cxd4 10. Nd1 e5 11. Bg2 Bg4 12. Bf3 Bxf3 13. Qxf3 Qc7 14. Rc1 Qa5 15. O-O Rac8 16. Qe2 Qc5 17. d3 b5 18. Nf2 a5 19. Kg2 b4 20. Ng4 Nxg4 21. Qxg4 h5 22. Qf3 Qc6 23. f5 Bh6 24. f6 Bxc1 25. Rxc1 Kh7 26. g4 hxg4 27. Qxg4 Rh8 28. Qg3 Kg8 29. h4 Rh5 30. Rf1 Qxc2+ 31. Rf2 Qd1 32. Qh3 Rc2 33. Qd7 Rxf2+ 34. Kxf2 Qc2+ 35. Ke1 Qb1+ 36. Kf2 Qxb2+ 37. Kg3 Rh8 38. Qe8+ Kh7 39. Qxf7+ Kh6 40. Qg7+ 1-0

[Event "GER-chW Blitz 2019"]
[Site "Magdeburg"]
[Date "2019.05.25"]
[Round "22.7"]
[White "Rath, Alina"]
[Black "Kopylov, Luba"]
[Result "1/2-1/2"]
[ECO "A21"]
[WhiteElo "2042"]
[BlackElo "2078"]
[Annotator "NA"]
[PlyCount "62"]
[EventDate "2019.05.25"]
[EventType "tourn"]
[EventCountry "GER"]
[SourceTitle "playchess.com"]
[Source "ChessBase"]
[SourceQuality "1"]
[TimeControl "180+2"]

1. c4 e5 2. Nc3 Bb4 3. g3 Bxc3 4. dxc3 Nf6 5. Bg2 c6 6. Nf3 Qc7 7. O-O d5 8. cxd5 cxd5 9. Bg5 Nbd7 10. Nd2 h6 11. Bxf6 Nxf6 12. Rc1 Be6 13. b3 O-O 14. c4 dxc4 15. Nxc4 Rfd8 16. Qe1 Bxc4 17. Rxc4 Qe7 18. Qc3 e4 19. Rc1 Nd5 20. Qc2 f5 21. Qb2 b5 22. Rc5 b4 23. R5c4 Nc3 24. h4 a5 25. Re1 Qf6 26. Qc2 Rd7 27. f3 Rad8 28. Bf1 Rd2 29. Qc1 exf3 30. exf3 Qb6+ 31. Kh1 Qf2 1/2-1/2

[Event "GER-chW Blitz 2019"]
[Site "Magdeburg"]
[Date "2019.05.25"]
[Round "22.8"]
[White "Silz, Elisa"]
[Black "Zimmer, Elke"]
[Result "0-1"]
[ECO "D66"]
[WhiteElo "1977"]
[BlackElo "1926"]
[Annotator "NA"]
[PlyCount "95"]
[EventDate "2019.05.25"]
[EventType "tourn"]
[EventCountry "GER"]
[SourceTitle "playchess.com"]
[Source "ChessBase"]
[SourceQuality "1"]
[TimeControl "180+2"]

1. d4 d5 2. c4 e6 3. Nc3 Nf6 4. Bg5 Be7 5. e3 O-O 6. Rc1 Nbd7 7. Nf3 c6 8. Bd3 h6 9. Bf4 Nh5 10. Be5 Nhf6 11. O-O Nxe5 12. Nxe5 Nd7 13. f4 Nxe5 14. fxe5 Bg5 15. Rf3 f6 16. exf6 Rxf6 17. Qe2 Rxf3 18. gxf3 Bh4 19. Kh1 Qf6 20. Rg1 e5 21. Rg6 Qf7 22. dxe5 Bf5 23. Bxf5 Qxf5 24. Rg4 Be7 25. cxd5 cxd5 26. f4 Rd8 27. Qg2 Bf8 28. Nxd5 Qb1+ 29. Qg1 Qxg1+ 30. Rxg1 Rxd5 31. Kg2 Rd2+ 32. Kf3 Rxb2 33. f5 Kf7 34. Kf4 Rf2+ 35. Ke4 b5 36. e6+ Kf6 37. Rg6+ Ke7 38. Ke5 Rxa2 39. h4 b4 40. Rg4 Ra5+ 41. Kf4 b3 42. Rg2 Ra2 43. Rg1 b2 44. Rd1 a5 45. e4 Ra1 46. Rd7+ Ke8 47. Ke5 b1=Q 48. Kd4 0-1

[Event "GER-chW Blitz 2019"]
[Site "Magdeburg"]
[Date "2019.05.25"]
[Round "22.9"]
[White "Kotyk, Valeriya"]
[Black "Mader, Lena"]
[Result "1-0"]
[ECO "A45"]
[WhiteElo "1739"]
[BlackElo "1839"]
[Annotator "NA"]
[PlyCount "91"]
[EventDate "2019.05.25"]
[EventType "tourn"]
[EventCountry "GER"]
[SourceTitle "playchess.com"]
[Source "ChessBase"]
[SourceQuality "1"]
[TimeControl "180+2"]

1. d4 Nf6 2. Bg5 g6 3. Bxf6 exf6 4. c4 d6 5. Nc3 Bg7 6. e3 O-O 7. g3 f5 8. Bg2 Nd7 9. Nge2 c5 10. O-O Nb6 11. b3 a6 12. Rc1 Rb8 13. Qc2 Be6 14. Rcd1 Qc7 15. d5 Bc8 16. e4 fxe4 17. Nxe4 Bf5 18. N2c3 Rbe8 19. Rfe1 Nd7 20. Qd2 Ne5 21. f3 Bd7 22. Kh1 b5 23. f4 Ng4 24. h3 Nh6 25. Qc1 bxc4 26. bxc4 Bf5 27. Ng5 Rb8 28. Be4 Bxe4+ 29. Ngxe4 Nf5 30. Qd2 Nd4 31. Kg2 Rb7 32. Rb1 Rfb8 33. Rxb7 Rxb7 34. Rb1 h6 35. Rxb7 Qxb7 36. Nxd6 Qd7 37. Nde4 Nf5 38. Nxc5 Qa7 39. N5e4 Bd4 40. Ne2 Bg7 41. c5 Qe7 42. N4c3 Bxc3 43. Nxc3 Qc7 44. c6 Qd6 45. Ne4 Qb4 46. Qxb4 1-0

[Event "GER-chW Blitz 2019"]
[Site "Magdeburg"]
[Date "2019.05.25"]
[Round "22.10"]
[White "Fuchs, Judith"]
[Black "Braje, Monika"]
[Result "1-0"]
[ECO "D00"]
[WhiteElo "2218"]
[BlackElo "1781"]
[Annotator "NA"]
[PlyCount "113"]
[EventDate "2019.05.25"]
[EventType "tourn"]
[EventCountry "GER"]
[SourceTitle "playchess.com"]
[Source "ChessBase"]
[SourceQuality "1"]
[TimeControl "180+2"]

1. d4 d5 2. Bf4 Nf6 3. e3 e6 4. Nf3 c5 5. c3 c4 6. Nbd2 Bd6 7. Bg3 O-O 8. Qc2 h6 9. e4 Bxg3 10. hxg3 b5 11. e5 Nh7 12. a3 f5 13. exf6 Qxf6 14. Be2 Nc6 15. Nf1 e5 16. dxe5 Nxe5 17. O-O-O Bf5 18. Qd2 Be4 19. Nxe5 Qxe5 20. f3 Bg6 21. Qxd5+ Qxd5 22. Rxd5 Rab8 23. Rxb5 Rbc8 24. Nd2 Bf7 25. Rh4 Rfe8 26. Bxc4 Re1+ 27. Kc2 Rxc4 28. Nxc4 Bg6+ 29. Kd2 Rg1 30. Rb8+ Kf7 31. Ne5+ Kf6 32. Nxg6 Kxg6 33. Rg4+ Kf6 34. Re8 Rxg2+ 35. Re2 Rg1 36. c4 Ng5 37. Rf4+ Kg6 38. g4 Rf1 39. Ke3 Ne6 40. Re4 Nc5 41. Re5 Nd7 42. Re6+ Kf7 43. Rd6 Nf6 44. c5 Rc1 45. b4 a5 46. Red2 Rc3+ 47. R2d3 Rc2 48. c6 Ne8 49. Rd7+ Ke6 50. Rd8 Nc7 51. R8d6+ Ke7 52. Rd7+ Ke6 53. Rxc7 Rc1 54. b5 Re1+ 55. Kf2 Rc1 56. b6 Rb1 57. b7 {[%emt 0:00:01] Kd5} 1-0

[Event "GER-chW Blitz 2019"]
[Site "Magdeburg"]
[Date "2019.05.25"]
[Round "22.11"]
[White "Lubbe, Melanie"]
[Black "Schulze, Lara"]
[Result "0-1"]
[ECO "A45"]
[WhiteElo "2278"]
[BlackElo "2160"]
[Annotator "NA"]
[PlyCount "76"]
[EventDate "2019.05.25"]
[EventType "tourn"]
[EventCountry "GER"]
[SourceTitle "playchess.com"]
[Source "ChessBase"]
[SourceQuality "1"]
[TimeControl "180+2"]

1. d4 Nf6 2. Nc3 d5 3. Bf4 a6 4. e3 e6 5. g4 c5 6. g5 Nfd7 7. h4 Nc6 8. Nf3 b5 9. a3 Qb6 10. Bh3 cxd4 11. exd4 Na5 12. b3 Bd6 13. Qd2 Bb7 14. h5 Qc7 15. Bxd6 Qxd6 16. Ne2 Nc6 17. a4 b4 18. O-O-O O-O-O 19. Nf4 Kb8 20. g6 hxg6 21. hxg6 f5 22. Rhe1 Rde8 23. Ng5 Nd8 24. Re2 Nf6 25. f3 Rh4 26. Nf7 Qxf4 27. Qxf4+ Rxf4 28. Nxd8 Rxd8 29. Rxe6 Re8 30. Rde1 Rxe6 31. Rxe6 Rxf3 32. Bg2 Rf2 33. Bh3 Rh2 34. Bxf5 Bc8 35. Rb6+ Kc7 36. Rxf6 gxf6 37. g7 Rg2 38. Bxc8 Kxc8 0-1